 Dungeon Crawl Stone Soup version 0.31-a0-182-gc5ef74bbde (webtiles) character file.

Game seed: 9470523592629515951

499 qw the Chopper (level 7, -5/43 HPs)
             Began as a Gargoyle Fighter on June 20, 2023.
             Slain by a gnoll
             ... wielding a +0 spear
             ... led by a gnoll bouda
              (6 damage)
             ... on level 5 of the Dungeon.
             The game lasted 00:01:28 (3418 turns).

qw the Chopper (Gargoyle Fighter)                   Turns: 3418, Time: 00:01:29

Health: -5/43      AC: 17    Str: 21    XL:     7   Next: 16%
Magic:  2/2        EV:  8    Int:  9    God:
Gold:   111        SH:  4    Dex:  9    Spells: 6/6 levels left

rFire   . . .        f - +4 broad axe of the Shimmering Whale {antimagic, *Slow +Blink rN++ Will+}
rCold   . . .        c - +0 buckler
rNeg    + + +        s - +0 chain mail
rPois   inf          (no helmet)
rElec   +            (no cloak)
rCorr   .            (no gloves)
SInv    .            a - +2 pair of boots {Fly}
Will    +....        (no amulet) Stlth
                     (no ring)
HPRegen 0.27/turn    (no ring)
MPRegen 0.08/turn

%: slow self (1%)
@: weakened, flying
A: sickness immunity, AC +4, negative energy resistance 1, electricity
resistance, torment resistance 1, petrification resistance
a: Evoke Blink


You were on level 5 of the Dungeon.
You visited 1 branch of the dungeon, and saw 5 of its levels.

You collected 159 gold pieces.
You spent 48 gold pieces at shops.


Innate Abilities, Weirdness & Mutations

You are immune to sickness and miasma.
Your stone body is resilient. (AC +4)
You are immune to poison.
You resist negative energy. (rN+)
You are resistant to electric shocks. (rElec)
You are resistant to unholy torment.
You are immune to petrification.


   Skills:
 - Level 4.0 Fighting
 + Level 6.5 Axes
 - Level 3.2 Armour
 - Level 1.0 Dodging
 - Level 3.2 Shields


You had 6 spell levels left.
You didn't know any spells.
Your spell library was empty.

Inventory:

Hand Weapons
 f - the +4 broad axe of the Shimmering Whale (weapon) {antimagic, *Slow +Blink rN++ Will+}
   (You acquired it on level 1 of the Dungeon)

   rN:        It greatly protects you from negative energy.
   +Blink:    It lets you blink.
   *Slow:     It may slow you when you take damage.
   Will:      It increases your willpower.
 n - a +0 war axe
 r - a +1 hand axe of flaming
Missiles
 l - 4 boomerangs (quivered)
Armour
 a - a +2 pair of boots of flying (worn)
 c - a +0 buckler (worn)
 s - a +0 chain mail (worn)
Scrolls
 q - 2 scrolls of teleportation
Potions
 d - 2 potions of might
 e - a potion of magic {unknown}
 g - a potion of resistance {unknown}
 h - 2 potions of cancellation
 i - a potion of curing
 k - a potion of berserk rage {unknown}
 m - 2 potions of lignification

Dungeon Overview and Level Annotations

Branches:
Dungeon (5/15)
 Temple: D:4-7

Altars:
Zin

Shops:
D:3 *


Message History

Your attacks no longer feel as feeble.
The ufetubus completely misses you.
The ufetubus hits you but does no damage.
The gnoll hits you from afar with a +0 halberd!
The ufetubus hits you but does no damage. x2
The gnoll bouda gazes fiercely through you!
You feel your attacks grow feeble.
You miss the ufetubus.
The ufetubus is moderately wounded.
The gnoll is no longer moving quickly.
The ufetubus hits you.
The ufetubus hits you but does no damage.
The gnoll barely misses you. The ufetubus barely misses you. x2
The gnoll hits you from afar with a +0 halberd.
You completely miss the ufetubus.
The ufetubus is moderately wounded.
The ufetubus closely misses you.
The ufetubus hits you but does no damage.
You block the ufetubus's attack. The ufetubus barely misses you.
The gnoll barely misses you.
The gnoll bouda barks out a call to the hunt!
The gnoll picks up the pace!
You miss the ufetubus.
The ufetubus is lightly wounded.
Your attacks no longer feel as feeble.
The ufetubus barely misses you.
The ufetubus hits you but does no damage.
The gnoll hits you but does no damage. The ufetubus closely misses you.
The ufetubus hits you but does no damage.
You slice the ufetubus!!
You kill the ufetubus!
You block the gnoll's attack. The gnoll hits you but does no damage.
You slash the gnoll bouda!
The gnoll bouda is severely wounded.
The gnoll hits you from afar with a +0 spear.
The gnoll bouda gazes fiercely through you!
You feel your attacks grow feeble. The gnoll bouda closely misses you.
The gnoll hits you from afar with a +0 halberd!
The gnoll hits you from afar with a +0 spear.
You die...

##########
#........######
#.............#####.##.#
.........[......@gg.....
#..............###g..#.#
##########.....# .....
#####.....# ....
#.......%.# ...
#.#######.# .# #.# # ...
..##


You could see a gnoll bouda and 2 gnolls.

Vanquished Creatures
  Sigmund (D:2)
  A scorpion (D:4)
  A howler monkey (D:4)
  Jessica (D:3)
  2 iguanas (D:5)
  4 gnolls
  2 adders
  An ufetubus (D:5)
  A worm (D:2)
  7 dart slugs
  7 orcs (D:3)
  7 ball pythons
  6 bats
  3 endoplasms
  A giant cockroach (D:2)
  5 goblins
  8 hobgoblins
  6 jackals
  6 kobolds
  4 quokkas
  4 frilled lizards
  3 rats (D:1)
81 creatures vanquished.

Notes
Turn   | Place    | Note
-------+----------+-------------------------------------------
     0 | D:1      | qw the Gargoyle Fighter began the quest for the Orb.
     0 | D:1      | Reached XP level 1. HP: 14/14 MP: 1/1
     0 | D:1      | 0 ||| qw: Version: 0.3-a-9-g12657ce
     0 | D:1      | 0 ||| qw: Game counter: 1295
     0 | D:1      | 0 ||| qw: Always use a shield: true
     0 | D:1      | 0 ||| qw: God list: Okawaru
     0 | D:1      | 0 ||| qw: Allow faded altars: false
     0 | D:1      | 0 ||| qw: Do Orc after D:15 true
     0 | D:1      | 0 ||| qw: Do second Lair branch before Depths: true
     0 | D:1      | 0 ||| qw: Lair rune preference: random
     0 | D:1      | 0 ||| qw: Plans: Normal, Zot:1-4, Slime:5, God:TSO, Crypt,
                  | Tomb, Abyss, Pan, Hells, Win
     0 | D:1      | 0 ||| PLANNING D:1-11
   112 | D:1      | Reached skill level 2 in Axes
   230 | D:1      | 230 ||| Stepping ~*~*~tactically~*~*~ (hiding).
   241 | D:1      | Reached XP level 2. HP: 19/19 MP: 2/2
   250 | D:1      | 250 ||| Stepping ~*~*~tactically~*~*~ (hiding).
   467 | D:1      | Reached skill level 3 in Axes
   487 | D:1      | Reached XP level 3. HP: 14/23 MP: 3/3
   569 | D:1      | 569 ||| Stepping ~*~*~tactically~*~*~ (stealth).
   593 | D:1      | 593 ||| Stepping ~*~*~tactically~*~*~ (hiding).
   882 | D:1      | 882 ||| READING scroll labelled KEGUW RESTAO.
   887 | D:1      | 887 ||| READING 2 scrolls labelled SAMPUL XISIOCW.
   887 | D:1      | Identified 2 scrolls of acquirement
   887 | D:1      | 887 ||| ACQUIRING +2 pair of boots of flying
   887 | D:1      | Acquired a +2 pair of boots of flying
   889 | D:1      | 889 ||| UPGRADING to +2 pair of boots of flying.
   894 | D:1      | 894 ||| READING scroll of acquirement.
   894 | D:1      | 894 ||| ACQUIRING +4 broad axe of the Shimmering Whale
                  | {antimagic, *Slow +Blink rN++ Will+}
   894 | D:1      | Acquired the +4 broad axe of the Shimmering Whale
                  | {antimagic, *Slow +Blink rN++ Will+}
   896 | D:1      | 896 ||| SWAPPING to +4 broad axe of the Shimmering Whale
                  | {antimagic, *Slow +Blink rN++ Will+}.
   897 | D:1      | 897 ||| DRINKING 2 bubbling yellow potions.
  1054 | D:2      | Found a faded altar of an unknown god.
  1113 | D:2      | Noticed Sigmund
  1128 | D:2      | Killed Sigmund
  1129 | D:2      | Reached skill level 5 in Axes
  1129 | D:2      | Reached XP level 4. HP: 22/28 MP: 1/4
  1129 | D:2      | Reached XP level 5. HP: 26/32 MP: 1/5
  1359 | D:2      | Reached XP level 6. HP: 37/37 MP: 2/6
  1646 | D:2      | 1646 ||| READING scroll labelled SEHISA DEXOV.
  1647 | D:2      | 1647 ||| READING scroll labelled LAWKEP POEN.
  1648 | D:2      | 1648 ||| DRINKING 2 bubbling inky potions.
  1756 | D:3      | Found Roirch's Assorted Antiques.
  1762 | D:3      | 1762 ||| SHOPLISTING brass wand (96 gold, have 95).
  1762 | D:3      | 1762 ||| SHOPLISTING glowing pearl amulet (120 gold, have
                  | 95).
  1762 | D:3      | 1762 ||| SHOPLISTING helmet (108 gold, have 95).
  1762 | D:3      | 1762 ||| SHOPLISTING pair of gloves (108 gold, have 95).
  1762 | D:3      | 1762 ||| BUYING scroll labelled ULO QIOCIPN (24 gold).
  1762 | D:3      | Bought a scroll labelled ULO QIOCIPN for 24 gold pieces
  1762 | D:3      | 1762 ||| BUYING scroll labelled WOWILO GAETU (24 gold).
  1762 | D:3      | Bought a scroll labelled WOWILO GAETU for 24 gold pieces
  1762 | D:3      | 1762 ||| SHOPLISTING short lead wand (96 gold, have 47).
  1762 | D:3      | 1762 ||| SHOPLISTING twisted agate ring (120 gold, have
                  | 47).
  1779 | D:3      | 1779 ||| Stepping ~*~*~tactically~*~*~ (hiding).
  1799 | D:3      | 1799 ||| DROPPING +0 flail.
  1935 | D:3      | 1935 ||| Stepping ~*~*~tactically~*~*~ (stealth).
  1948 | D:3      | 1948 ||| DROPPING +0 morningstar.
  1955 | D:3      | Noticed Jessica
  1959 | D:3      | 1959 ||| Stepping ~*~*~tactically~*~*~ (hiding).
  1969 | D:3      | Killed Jessica
  1978 | D:3      | 1978 ||| Stepping ~*~*~tactically~*~*~ (stealth).
  1979 | D:3      | 1979 ||| Stepping ~*~*~tactically~*~*~ (stealth).
  1981 | D:3      | 1981 ||| Stepping ~*~*~tactically~*~*~ (hiding).
  1993 | D:3      | 1993 ||| Stepping ~*~*~tactically~*~*~ (stealth).
  1996 | D:3      | 1996 ||| Stepping ~*~*~tactically~*~*~ (stealth).
  1997 | D:3      | 1997 ||| Stepping ~*~*~tactically~*~*~ (stealth).
  2003 | D:3      | Reached skill level 1 in Dodging
  2351 | D:3      | 2351 ||| UPGRADING to +0 chain mail.
  2361 | D:3      | 2361 ||| DROPPING +0 scale mail.
  2362 | D:3      | 2362 ||| DROPPING +6 ring of intelligence.
  2363 | D:3      | 2363 ||| READING scroll labelled ULO QIOCIPN.
  2364 | D:3      | 2364 ||| READING scroll labelled WOWILO GAETU.
  2430 | D:4      | 2430 ||| Stepping ~*~*~tactically~*~*~ (stealth).
  2487 | D:4      | Reached skill level 6 in Axes
  2833 | D:4      | 2833 ||| Stepping ~*~*~tactically~*~*~ (stealth).
  3162 | D:4      | Found a glowing silver altar of Zin.
  3162 | D:4      | Noticed an angel
  3165 | D:4      | 3165 ||| DRINKING 2 grey potions.
  3218 | D:5      | Entered Level 5 of the Dungeon
  3334 | D:5      | 3334 ||| Stepping ~*~*~tactically~*~*~ (stealth).
  3341 | D:5      | Reached XP level 7. HP: 33/43 MP: 2/7
  3398 | D:5      | 3398 ||| Stepping ~*~*~tactically~*~*~ (hiding).
  3418 | D:5      | HP: 1/43 [gnoll/+0 halberd[a gnoll bouda] (10)]
  3418 | D:5      | Slain by a gnoll

Levels and vault maps discovered:
D:1:      sevenhm_arrival_forest_fort_large_2, layout_basic, minivault_5
D:2:      layout_basic, ebering_ecumenical_altar_webs, minmay_misc_feat_rugged,
          uniq_sigmund
D:3:      layout_basic, serial_shops, shop_statue, uniq_jessica
D:4:      layout_basic, zin_angel, serial_bayou_ford_a
D:5:      layout_basic, kennysheep_little_box, minmay_crystal_water,
          uniq_eustachio, uniq_prince_ribbit1

Skill      XL: |  1  2  3  4  5  6 |
---------------+-------------------+-----
Axes           | 2 3 5 6 |  6.5
Fighting       | 4 |  4.0
Dodging        | 1 |  1.0
Armour         | |  3.2
Shields        | |  3.2

Action                     |  1- 3 |  4- 6 |  7- 9 || total
---------------------------+-------+-------+-------++-------
  Melee: War axe           |    56 |       |       ||    56
         Broad axe         |    26 |    94 |    19 ||   139
  Throw: Boomerang         |       |    50 |       ||    50
    Use: Scroll            |     3 |     4 |       ||     7
         Potion            |     1 |     2 |       ||     3
 Armour: Scale mail        |    37 |    32 |       ||    69
         Chain mail        |       |    31 |    23 ||    54
  Dodge: Dodged            |    35 |    34 |    17 ||    86
  Block: Buckler           |    12 |    18 |     7 ||    37

Table legend:
 A = Non-vault XP
 B = Vault XP
 C = Vault XP percentage of total XP
 D = Non-vault monster count
 E = Vault monster count
 F = Vault count percentage of total count
                 A         B        C        D         E       F
            +---------+---------+-------+---------+---------+-------
      Total |     438 |     276 |  38.7 |      79 |       2 |   2.5
            +---------+---------+-------+---------+---------+-------
        D:1 |      59 |       0 |   0.0 |      22 |       0 |   0.0
        D:2 |      54 |     239 |  81.6 |      22 |       1 |   4.3
        D:3 |      37 |      37 |  50.0 |      16 |       1 |   5.9
        D:4 |     166 |       0 |   0.0 |      13 |       0 |   0.0
        D:5 |     122 |       0 |   0.0 |       6 |       0 |   0.0
            +---------+---------+-------+---------+---------+-------
